cellophane, neutral male gnomish Healer -- ----- ---- --.-- ---- --|...|--..| |...| --..| --.||...||...--- |...| ---- ----|...----.- -.--|.....| ...|---..| --.|.|....||..----..--.....| ..||.h..--- |.........||..%............-- -.--......----- |.......-----.---...........---|...........|... --- ----...-- |.||...............|.............--- ---.-------- - |..-- |.||.|.............................---.>..........- |..--- |.|----..........h..........-- |...............- |....| |.|----.....F..............|.. |-........----- |.--.--- |.|-.......................|.---..........| |......| |.|...........................|..........G---- --..<|.---.|-.........F^.......h....d.................---. |...-|.....|---.....................@....................- --.-----...| --.........................................-- --- -...| |.................----.f..........^........-- |....| --................| |........|..---........| --..-- ----.|.----.--.--- ---..|..----- ---------- ---- ----- ------ ------- cellophane the Rhizotomist Experience level: 1 Strength: 8 Dexterity: 10 Constitution: 15 Intelligence: 11 Wisdom: 16 Charisma: 17 Health: 0(12) Energy: 2(7) Def: -1 Gold: 1439 Moves: 1138 Dungeon seed: Ce_VRxCQnKjA233R Game ID: cellophane_1525412004 Your Inventory: Coins $ - 1439 gold pieces Weapons a - a +0 scalpel (weapon in hand) u - a +0 orcish dagger Armor e - an uncursed +1 pair of leather gloves y - a cursed -2 pair of elven boots (being worn) Comestibles j - an uncursed apple q - 3 uncursed food rations t - 2 uncursed slime molds Spellbooks g - a blessed spellbook of healing h - a blessed spellbook of extra healing i - a blessed spellbook of stone to flesh Potions c - 4 uncursed potions of healing d - 4 uncursed potions of extra healing m - an uncursed potion of invisibility o - a cursed potion of see invisible r - a blessed potion of speed B - an uncursed potion of sleeping Wands f - a wand of sleep (0:4) s - a wand of cancellation (0:5) Tools b - an uncursed stethoscope k - an uncursed oil lamp (0:1077) C - a blessed magic lamp Gems n - an uncursed worthless piece of orange glass z - an uncursed worthless piece of green glass N - 2 uncursed worthless pieces of red glass Spells and supernatural/magical abilities: Name Level Category Fail Memory c - cause fear 3 enchantment 100% 95% h - healing 1 healing 0% 95% x - extra healing 3 healing 54% 95% S - stone to flesh 3 healing 64% 95% W - pray for help -- divine ? -- Your skills at the end: Fighting Skills Weapon Skills knife [Basic] Spellcasting Skills healing spells [Basic] Final Attributes: You were fervently aligned. You were poison resistant. You had infravision. You were stealthy. You are dead. Vanquished creatures: a coyote a gas spore a large kobold a gecko 2 jackals a fox a kobold a goblin 11 grid bugs 2 bats a lichen 3 kobold zombies 6 newts 32 creatures vanquished. Voluntary challenges: You followed a strict vegan diet. You were an atheist. You used a wielded weapon 2 times, starting on turn 781. You were a pacifist. You read items or engraved 11 times, starting on turn 92. You never genocided any monsters. You never polymorphed an object. You never changed form. You used no wishes. You never split a pudding. You wrote Elbereth's name 3 times, starting on turn 608. You never violated your personal moral code. Dungeon overview: The Dungeons of Doom: levels 1 to 3 Level 1 a fountain a long staircase Level 2 stairs to The Gnomish Mines Level 3 a fountain The Gnomish Mines: Level 3 <- You were here stairs to The Dungeons of Doom History has recorded: On T:1 you entered the Dungeons of Doom to retrieve the Amulet of Yendor! On T:289 you reached level 2 of The Dungeons of Doom. On T:547 you reached level 3 of The Dungeons of Doom. On T:821 you reached level 1 of The Gnomish Mines. Score breakdown: Gold: 293 ( 8396 points) Experience: 1 level ( 0 points) Exploration: 3 levels ( 5.66%) ( 5883 points) Discoveries: 2 items ( 0.69%) ( 2487 points) Valuables value: (no points given unless you survive) Artifact value: 0 ( 0 points) Variety of kills: 13 monsters ( 3.41%) ( 5541 points) Turncount: 1138 turns ( 0 points) Survival: died (score multiplied by 80%) Total score: 17845 Latest messages: You take off your pair of leather gloves. As you read the scroll, it disappears. You hear maniacal laughter close by. (You can name a scroll labeled ZELGO MER from the item naming menu.) You see here a green gem. z - a green gem. B - a black potion. You see here a lamp. C - a lamp. You displace azog. Azog suddenly disappears! You see here 2 red gems. N - 2 red gems. The fox bites! (4x) You feel better. The fox bites! Status of the fox (neutral): Level 0 HP 4(4) Def 3. The fox bites! You hit the fox. The fox bites! (4x) You die... Final status: Goodbye cellophane the Healer, killed by a fox... You died in The Gnomish Mines on dungeon level 3 with 17845 points, and 1439 pieces of gold, after 1138 moves. You were level 1 with a maximum of 12 hit points when you died.